 Dungeon Crawl Stone Soup version 0.23-a0-54-gae6112e (webtiles) character file.

4 galech the Magician (level 1, -1/20 HPs)
             Began as a Gnoll Wanderer on Aug 8, 2018.
             Slain by a goblin (3 damage)
             ... on level 1 of the Dungeon.
             The game lasted 00:00:21 (58 turns).

galech the Magician (Gnoll Wanderer)                  Turns: 58, Time: 00:00:22

Health: -1/20      AC:  2    Str: 15    XL:     1   Next: 60%
Magic:  8/8        EV: 11    Int: 11    God:
Gold:   11         SH:  0    Dex: 16    Spells: 14/14 levels left

rFire    . . .     SeeInvis .   b - +2 blowgun
rCold    . . .     Gourm    .   (no shield)
rNeg     . . .     Faith    .   e - +0 robe
rPois    .         Spirit   .   (no helmet)
rElec    .         Reflect  .   (no cloak)
rCorr    .         Harm     .   (no gloves)
MR       .....                  (no boots)
Stlth    +.........             (no amulet)
HPRegen  0.06/turn              (no ring)
MPRegen  0.11/turn              (no ring)

@: no status effects
A: distributed training, fangs 1, strong nose
a: no special abilities


You were on level 1 of the Dungeon.
You were not hungry.

You visited 1 branch of the dungeon, and saw 1 of its levels.

You collected 11 gold pieces.

Inventory:

Hand Weapons
 b - a +2 blowgun (weapon)
Missiles
 a - a curare-tipped needle (quivered)
Armour
 e - a +0 robe (worn)
Comestibles
 f - a ration


   Skills:
 + Level 4.4 Fighting
 + Level 0.0 Short Blades
 + Level 0.0 Long Blades
 + Level 0.0 Axes
 + Level 0.0 Maces & Flails
 + Level 0.0 Polearms
 + Level 0.0 Staves
 + Level 0.0 Slings
 + Level 0.0 Bows
 + Level 0.0 Crossbows
 + Level 4.4 Throwing
 + Level 6.4 Armour
 + Level 0.0 Dodging
 + Level 0.0 Stealth
 + Level 0.0 Shields
 + Level 0.0 Unarmed Combat
 + Level 7.0 Spellcasting
 + Level 0.0 Conjurations
 + Level 0.0 Hexes
 + Level 0.0 Charms
 + Level 0.0 Summonings
 + Level 0.0 Necromancy
 + Level 0.0 Translocations
 + Level 0.0 Transmutations
 + Level 0.0 Fire Magic
 + Level 0.0 Ice Magic
 + Level 0.0 Air Magic
 + Level 0.0 Earth Magic
 + Level 0.0 Poison Magic
 + Level 0.1 Invocations
 + Level 0.0 Evocations


You had 14 spell levels left.
You didn't know any spells.
Your spell library contained the following spells:

 Spells                   Type           Power        Failure   Level  Hunger
 Sublimation of Blood     Necr           #.........   26%         2    ##.....
 Corpse Rot               Necr           N/A          26%         2    ##.....
 Stone Arrow              Conj/Erth      #.....       45%         3    ###....
 Sandblast                Erth           #.....       17%         1    None


Dungeon Overview and Level Annotations

Branches:
Dungeon (1/15)

Altars:


Innate Abilities, Weirdness & Mutations

Your experience applies equally to all skills.
You have very sharp teeth.
Your uncanny sense of smell can sniff out nearby items.


Message History

You clumsily bash the goblin but do no damage.
The goblin is severely wounded.
The goblin hits you.
* * * LOW HITPOINT WARNING * * *
You clumsily bash the goblin but do no damage.
The goblin is severely wounded.
The goblin misses you. The goblin completely misses you.
You clumsily bash the goblin but do no damage.
The goblin is severely wounded.
The goblin closely misses you.
You clumsily bash the goblin but do no damage.
The goblin is severely wounded.
The goblin closely misses you. x2
You clumsily bash the goblin but do no damage.
The goblin is severely wounded.
The goblin misses you.
You barely miss the goblin.
The goblin is heavily wounded.
The goblin hits you but does no damage. The goblin hits you.
You die...

#..... #....#
#..... +$...#
. ....##....#
..
...'....#...
#.#.....#
#.K.....###
###........ ∆
#####gK..#...
#..@ggg..+ ..
#.####...# .
#.# #### #.#
#.# #.#######
∆∆ #.#.....#
#†#.....#
#......<# ∆


You could see 4 goblins and a kobold.

Vanquished Creatures
  A dart slug (D:1)
  2 bats (D:1)
3 creatures vanquished.

Notes
Turn   | Place    | Note
-------+----------+-------------------------------------------
     0 | D:1      | galech the Gnoll Wanderer began the quest for the Orb.
     0 | D:1      | galech set off with: 4 curare-tipped needles, a +2 blowgun, a +0 robe, a ration
     0 | D:1      | Reached XP level 1. HP: 20/20 MP: 8/8
    53 | D:1      | HP: 1/20 [goblin (4)]
    58 | D:1      | Slain by a goblin

Vault maps used:
D:1:      minmay_arrival_checkered_box

Action                   || total
-------------------------++-------
Melee: Blowgun           ||    23
       Bite              ||     2
 Fire: Blowgun           ||     5
Armor: Robe              ||     5
Dodge: Dodged            ||    25

Table legend:
 A = Spawn XP
 B = Non-spawn XP
 C = Spawn XP percentage of total XP
 D = Spawn monster count
 E = Non-spawn monster count
 F = Spawn count percentage of total count
 G = Total turns spent on level
                    A         B        C        D         E        F      G
               +---------+---------+-------+---------+---------+-------+---------
         Total |       0 |       6 |   0.0 |       0 |       3 |   0.0 |    58
               +---------+---------+-------+---------+---------+-------+---------
           D:1 |       0 |       6 |   0.0 |       0 |       3 |   0.0 |    58
               +---------+---------+-------+---------+---------+-------+---------
